 Dungeon Crawl Stone Soup version 0.20.1-1-g8b1a95d (webtiles) character file.

588 6a6kaBkacke the Ruffian (level 7, -4/67 HPs)
             Began as a Troll Fighter on July 20, 2017.
             Slain by Duvessa
             ... wielding a +0 short sword
              (8 damage)
             ... on level 2 of the Dungeon.
             The game lasted 00:15:16 (2294 turns).

6a6kaBkacke the Ruffian (Troll Fighter)             Turns: 2294, Time: 00:15:17

Health: -4/67      AC:  8    Str: 26    XL:     7   Next: 15%
Magic:  0/6        EV: 12    Int:  4    God:
Gold:   181        SH:  9    Dex: 10    Spells: 5/6 levels left

rFire    + . .     SeeInvis .     - Unarmed
rCold    + . .     Gourm    +   b - +0 shield
rNeg     . . .     Faith    .   i - +0 robe
rPois    .         Spirit   +   (helmet restricted)
rElec    .         Reflect  .   e - scarf {rC+ rF+}
rCorr    .         Harm     .   (gloves unavailable)
MR       .....                  (boots unavailable)
Stlth    +.........             r - amulet of guardian spirit
Regen    0.7/turn               p - +3 ring of protection
MPRegen  0.1/turn               u - +3 ring of evasion

@: lethally poisoned (-4 -> -5)
A: unfitting armour, claws 3, fast metabolism 3, gourmand, regeneration 1,
shaggy fur 1, tough skin 2
a: no special abilities


You were on level 2 of the Dungeon.
You were full.

You visited 1 branch of the dungeon, and saw 4 of its levels.

You collected 181 gold pieces.

Inventory:

Missiles
 s - 6 silver tomahawks (quivered)
Armour
 b - a +0 shield (worn)
 e - a scarf of resistance (worn)
 i - a +0 robe (worn)
Jewellery
 j - an uncursed ring of protection from cold
 p - a +3 ring of protection (left claw)
 r - an amulet of guardian spirit (around neck)
 u - a +3 ring of evasion (right claw)
 x - an uncursed amulet of faith
Wands
 a - a wand of polymorph (13/24)
 n - a wand of flame (22/48)
Scrolls
 w - a scroll of remove curse
 y - a scroll of enchant armour {unknown}
Potions
 c - a potion of might
 f - a potion of cancellation
 g - 4 potions of flight {unknown}
 k - 2 potions of agility {unknown}
 m - a potion of curing {unknown}
 o - a potion of haste {unknown}
 v - a potion of berserk rage {unknown}
 z - a potion of brilliance {unknown}
Books
 t - a book of Frost

   Spells                             Type                      Level
   a - Freeze                         Ice                          1
   b - Throw Frost                    Conjuration/Ice              2
   c - Ozocubu's Armour               Charms/Ice                   3
   d - Throw Icicle                   Conjuration/Ice              4
   e - Summon Ice Beast               Ice/Summoning                4
Comestibles
 d - 3 bread rations
 h - 2 fruits
 l - a royal jelly


   Skills:
 * Level 3.6 Fighting
 * Level 4.1 Dodging
 + Level 0.5 Stealth
 - Level 3.1 Shields
 * Level 5.1 Unarmed Combat


You had 5 spell levels left.
You knew the following spells:

 Your Spells              Type           Power        Failure   Level  Hunger
a - Freeze                Ice            #...         90%         1    ##.....


Dungeon Overview and Level Annotations

Branches:
Dungeon (4/15)
 Temple: D:4-7

Altars:
Nemelex Xobeh
Xom
The Shining One

Annotations:
D:2 Dowan, Duvessa


Innate Abilities, Weirdness & Mutations

You are too large for most types of armour.
You have claws for hands.
Your metabolism is lightning-fast.
You like to eat raw meat.
Your natural rate of healing is unusually fast.
You are covered in fur. (AC +1)
You have very tough skin. (AC +2)


Message History

You feel sick. You block Duvessa's attack.
You feel sick.
You feel sick.
Duvessa says, "My weaknesses are his strengths!"
Duvessa completely misses you.
It was a potion of cancellation.
You feel magically purged.
You feel sick.
Dowan says, "Magic and the sword, together, will defeat you."
Duvessa barely misses you.
You feel sick. Duvessa hits you but does no damage.
You feel sick.
You feel sick. You block Duvessa's attack.
You feel sick.
Dowan gestures wildly while chanting.
Dowan blinks!
Duvessa hits you with a short sword.
* * * LOW HITPOINT WARNING * * *
You feel sick.
You feel sick. Duvessa barely misses you.
You feel sick. Duvessa hits you with a short sword!
You die...

####### ......#
......#####
..........###
......###...##########
......# ###.....@e...#
......# ##########.#
......# #.# ####..#
#.# ...##.# #.#
#..##.#### #ยง#
##..#....####### #.#
#.............#
###.###
#.###.........#
#.....#


You could see Duvessa.

Vanquished Creatures
  Eustachio (D:4)
  A centaur (D:3)
  A hound (D:4)
  A jelly (D:2)
  An orc wizard (D:3)
  An iguana (D:3)
  2 worker ants
  Robin (D:3)
  5 adders
  8 oozes (D:2)
  A dart slug (D:2)
  A leopard gecko (D:3)
  6 orcs (D:3)
  4 giant cockroaches
  8 hobgoblins
  6 jackals
  13 kobolds
  A quokka (D:2)
  7 bats
  3 frilled lizards
  22 goblins
  8 rats
102 creatures vanquished.

Vanquished Creatures (others)
  12 toadstools (D:2)
12 creatures vanquished.

Grand Total: 114 creatures vanquished

Notes
Turn   | Place    | Note
-------+----------+-------------------------------------------
     0 | D:1      | 6a6kaBkacke the Troll Fighter began the quest for the Orb.
     0 | D:1      | Reached XP level 1. HP: 22/22 MP: 0/0
   112 | D:1      | Reached XP level 2. HP: 29/29 MP: 1/1
   474 | D:2      | Found a shimmering altar of Xom.
   492 | D:2      | Reached XP level 3. HP: 30/36 MP: 2/2
   550 | D:2      | Reached XP level 4. HP: 41/44 MP: 3/3
   552 | D:2      | Reached skill level 3 in Unarmed Combat
   784 | D:2      | Found a glowing golden altar of the Shining One.
   947 | D:2      | Found a faded altar of an unknown god.
  1195 | D:3      | Reached XP level 5. HP: 51/53 MP: 4/4
  1395 | D:3      | Noticed a centaur
  1397 | D:3      | Killed a centaur
  1397 | D:3      | Reached skill level 4 in Unarmed Combat
  1397 | D:3      | Reached XP level 6. HP: 55/61 MP: 5/5
  1515 | D:3      | Noticed Robin
  1536 | D:3      | Killed Robin
  1598 | D:3      | Learned a level 1 spell: Freeze
  1826 | D:3      | Found a sparkling altar of Nemelex Xobeh.
  2219 | D:4      | Noticed Eustachio
  2245 | D:4      | Killed Eustachio
  2245 | D:4      | Reached skill level 5 in Unarmed Combat
  2245 | D:4      | Reached XP level 7. HP: 30/67 MP: 4/6
  2253 | D:4      | Noticed Duvessa
  2266 | D:4      | Noticed Dowan
  2292 | D:2      | HP: 3/67 [poisoned by Dowan]
  2294 | D:2      | Slain by Duvessa

Skill      XL: |  1  2  3  4  5  6 |
---------------+-------------------+-----
Dodging        | 3 4 |  4.1
Unarmed Combat | 3 4 5 |  5.1
Fighting       | 3 |  3.6
Shields        | 3 |  3.1
Stealth        | |  0.5

Action                   |  1- 3 |  4- 6 |  7- 9 || total
-------------------------+-------+-------+-------++-------
Melee: Unarmed           |    86 |   228 |     6 ||   320
  Use: Scroll            |       |     3 |       ||     3
       Potion            |       |       |     1 ||     1
 Stab: Sleeping          |     1 |     1 |       ||     2
  Eat: Chunk             |     3 |    21 |       ||    24
Armor: Robe              |    30 |   128 |     5 ||   163
Dodge: Dodged            |    13 |   134 |    13 ||   160
Block: Shield            |    39 |   145 |     6 ||   190
